Unix NetHack Version 3.7.0-90 Work-in-progress - last build Dec 4 2023 15:25:40 (a4ad6ea61a8c493010e15c9251bbb19a34919cb7,branch:master). Game began 2023-12-09 14:52:29, ended 2023-12-09 16:48:42. jannis, chaotic male elven Wizard ------------- -------- |...........| |...{|.-# |...........| |......|# |.........).| |.....<|# |...........| --------# -----.-|----- # ### ### # # # # # ## # ### # # # # @G # # # f # ##### ##### # # [ ---.-# ## # |...|# #---.------ |...-# #|......{.| ....| #.........| ----- ---------- Jannis the Conjurer St:8 Dx:16 Co:12 In:20 Wi:11 Ch:8 Chaotic S:675 Dlvl:4 $:41 HP:0(26) Pw:37(47) AC:8 Xp:4 T:1495 Latest messages: In what direction? l As you kick the door, it crashes open! You stop. Phoibos is in the way! You swap places with Phoibos. You swap places with Phoibos. Phoibos bites the dwarf. The dwarf swings her pick-axe at Phoibos. The dwarf hits Phoibos. Phoibos misses it. Phoibos bites it. It swings its pick-axe at Phoibos. It hits Phoibos. Phoibos bites it. You swap places with Phoibos. q - a pair of hard shoes. You swap places with Phoibos. You see here a crossbow. The door opens. The pony kicks! The pony bites! What do you want to throw? [$aB or ?*] * In what direction? l The food ration misses the pony. p - an uncursed food ration (3 in total). There is nothing here to pick up. It bites the pony. The pony hits it. The pony misses it. It misses the pony. You hear some noises. You hear some noises in the distance. You hear some noises. You hear some noises in the distance. The door opens. The giant ant bites! The giant ant bites! The giant ant bites! Phoibos bites the giant ant. The giant ant misses Phoibos. The giant ant bites! In what direction? y The spell hits the giant ant! You kill the giant ant! The gnome lord hits! The gnome lord hits! In what direction? l The spell hits the gnome lord! The gnome lord hits! You die... Do you want your possessions identified? [ynq] (y) q Inventory: Coins $ - 41 gold pieces Weapons B - a +0 dagger y - a +0 orcish dagger (weapon in right hand) a - a blessed +1 quarterstaff Armor z - an uncursed +0 orcish helm (being worn) q - an uncursed +0 pair of iron shoes b - an uncursed +0 cloak of magic resistance (being worn) Comestibles p - 3 uncursed food rations Scrolls s - an uncursed scroll of amnesia k - an uncursed scroll of blank paper C - an uncursed scroll of destroy armor A - an uncursed scroll of enchant armor j - a blessed scroll of gold detection w - a blessed scroll of remove curse i - an uncursed scroll of taming Spellbooks m - an uncursed spellbook of confuse monster l - a blessed spellbook of force bolt Potions f - an uncursed potion of gain energy u - an uncursed potion of gain level g - an uncursed potion of water h - an uncursed potion of water v - an uncursed potion of water Rings d - an uncursed ring of conflict r - an uncursed ring of protection from shape changers e - an uncursed ring of teleportation Wands c - a wand of create monster (0:14) x - a wand of light (0:11) E - a wand of secret door detection (0:12) t - a blessed wand of speed monster (0:6) Tools o - an uncursed wooden harp n - a magic marker (0:20) Gems/Stones D - an uncursed worthless piece of yellow glass Jannis the Wizard's attributes: Background: You were a Conjurer, a level 4 male elven Wizard. You were chaotic, on a mission for Anhur who was opposed by Ptah (lawful) and Thoth (neutral). You were right-handed. You were in the Dungeons of Doom, on level 4. You entered the dungeon 1495 turns ago. You had 121 experience points, 39 more were needed to attain level 5. Your score was 675 before end-of-game adjustments. Basics: You had 0 out of 26 hit points. You had 37 out of 47 energy points (spell power). Your armor class was 8. Your wallet contained 41 zorkmids. Autopickup was on for '?!/"=$' plus thrown. Final Characteristics: Your strength was 8 (limit:18). Your dexterity was 16 (limit:18). Your constitution was 12 (limit:16). Your intelligence was 20 (limit:20). Your wisdom was 11 (limit:20). Your charisma was 8 (limit:18). Final Status: You weren't hungry. You were unencumbered. You were wielding a dagger. You had basic skill with dagger. Final Attributes: You were devoutly aligned. You were magic-protected. You were sleep resistant. You had infravision. You were warded. You are dead. Miscellaneous: You never encountered a bones level. Total elapsed playing time was 9 minutes and 57 seconds. Major events: Turn 1: jannis the chaotic male elven Wizard entered the dungeon 1044: entered the Gnomish Mines 1052: attained the rank of Conjurer (level 3) 1495: killed by a gnome lord Vanquished creatures: a small mimic a gnome leader a giant ant 2 dwarves a hobbit 2 large kobolds a giant rat 2 yellow molds 4 gnomes 2 garter snakes a gecko 8 jackals 2 foxes a kobold a goblin 2 sewer rats 4 grid bugs 3 lichens 2 newts 41 creatures vanquished. No species were genocided or became extinct. Voluntary challenges: You were illiterate. You never engraved Elbereth. You never genocided any monsters. You never polymorphed an object. You never changed form. You used no wishes. Achievements: You entered the Gnomish Mines. You attained the rank of Conjurer. You entered a shop. The Dungeons of Doom: levels 1 to 4 Level 1: An altar to Anhur, a sink. Level 2: A grave. Level 3: A health food store, a fountain. Stairs down to The Gnomish Mines. Level 4: <- You were here. A fountain, a sink, a grave. Final resting place for you, killed by a gnome lord. The Gnomish Mines: Level 4: Game over: ---------- / \ / REST \ / IN \ / PEACE \ / \ | jannis | | 41 Au | | killed by a | | gnome lord | | | | | | 2023 | *| * * * | * _________)/\\_//(\/(/\)/\//\/|_)_______ Goodbye jannis the Wizard... You died in The Dungeons of Doom on dungeon level 4 with 671 points, and 41 pieces of gold, after 1495 moves. You were level 4 with a maximum of 26 hit points when you died.